 Dungeon Crawl Stone Soup version 0.27.0 (webtiles) character file.

Game seed: 14248149542511299353

45 infcreate the Shield-Bearer (level 3, 24/24 HPs)
             Began as a Gargoyle Fighter on July 30, 2021.
             Quit the game on level 2 of the Dungeon.
             The game lasted 00:04:20 (1353 turns).

infcreate the Shield-Bearer (Gargoyle Fighter)      Turns: 1353, Time: 00:04:21

Health: 24/24      AC: 10    Str: 19    XL:     3   Next: 64%
Magic:  3/3        EV:  7    Int:  9    God:
Gold:   51         SH:  9    Dex:  9    Spells: 2/2 levels left

rFire    . . .     SeeInvis .   a - +0 flail
rCold    . . .     Faith    .   c - +0 kite shield
rNeg     + . .     Spirit   .   b - +0 scale mail
rPois    ∞         Reflect  .   (no helmet)
rElec    +         Harm     .   (no cloak)
rCorr    .         Rampage  .   (no gloves)
Will     .....                  (no boots)
Stlth    ..........             (no amulet)
HPRegen  0.08/turn              (no ring)
MPRegen  0.08/turn              (no ring)

@: no status effects
A: sickness immunity, AC +3, negative energy resistance 1, electricity
resistance, torment resistance 1, petrification resistance
a: no special abilities


You were on level 2 of the Dungeon.
You visited 1 branch of the dungeon, and saw 2 of its levels.

You collected 51 gold pieces.


Innate Abilities, Weirdness & Mutations

You are immune to sickness and miasma.
Your stone body is resilient. (AC +3)
You are immune to poison.
You resist negative energy. (rN+)
You are resistant to electric shocks. (rElec)
You are resistant to unholy torment.
You are immune to petrification.


   Skills:
 + Level 3.7 Fighting
 + Level 2.5 Maces & Flails
 + Level 3.8 Armour
 + Level 3.8 Shields


You had 2 spell levels left.
You didn't know any spells.
Your spell library contained the following spells:

 Spells                   Type           Power      Damage    Failure   Level
 Magic Dart               Conj           0%         1d3       99%         1
 Call Imp                 Summ           0%         N/A       100%        2
 Mephitic Cloud           Conj/Pois/Air  0%         N/A       100%        3

Inventory:

Hand Weapons
 a - a +0 flail (weapon)
Armour
 b - a +0 scale mail (worn)
 c - a +0 kite shield (worn)
Scrolls
 e - a scroll of identify {unknown}
 g - a scroll of enchant weapon {unknown}
Potions
 d - a potion of might
 f - a potion of attraction {unknown}

Dungeon Overview and Level Annotations

Branches:
Dungeon (2/15)

Altars:

###.##.# ....##.#
######.# #.# # #.# ##
#.## .## #..### .##
..####....#########....#
.)'.............@.......
..####....#########....#
.## ##.#.# .##
#########.## #
#........# #.#####..#
#.# #..# #.#####..#
#.##.....#


There were no monsters in sight!


Message History

You closely miss the kobold.
The kobold hits you but does no damage. x2
You hit the kobold.
The kobold is severely wounded.
You block the kobold's attack.
You hit the kobold.
You kill the kobold!
You completely miss the goblin. You block the goblin's attack. x2
You closely miss the goblin. The goblin hits you but does no damage.
You barely miss the goblin. The goblin hits you but does no damage.
You block the goblin's attack.
You barely miss the goblin. The goblin hits you but does no damage.
You barely miss the goblin.
The goblin hits you but does no damage. x2
You sock the goblin!
You kill the goblin!
Items here: )) ††.
Found a trident.
There is a stone staircase leading up here.
There is a stone staircase leading up here.
An endoplasm comes into view.
The endoplasm quivers.
Unknown command.
An endoplasm is nearby!
You sock the endoplasm!
You kill the endoplasm!
Found 23 arrows.
You see here 23 arrows.
As you open the door, it creaks loudly!
There is an open door here.
There is an open door here.
Are you sure you want to abandon this character and quit the game? (Confirm with "yes".)

Action                   || total
-------------------------++-------
Melee: Flail             ||    80
Armor: Scale mail        ||    42
Dodge: Dodged            ||    26
Block: Kite shield       ||    44

Levels and vault maps discovered:
D:1:      dpeg_arrival_line_fractal, layout_loops_ring, serial_park_tiny_1,
          kennysheep_pointless_box
D:2:      layout_loops_corners, uniq_jessica

Notes
Turn   | Place    | Note
-------+----------+-------------------------------------------
     0 | D:1      | infcreate the Gargoyle Fighter began the quest for the Orb.
     0 | D:1      | Reached XP level 1. HP: 14/14 MP: 1/1
   727 | D:1      | Reached XP level 2. HP: 19/19 MP: 2/2
  1096 | D:2      | Noticed Jessica
  1114 | D:2      | Killed Jessica
  1115 | D:2      | Reached XP level 3. HP: 20/24 MP: 3/3
  1353 | D:2      | Quit the game

Vanquished Creatures
  Jessica (D:2)
  A dart slug (D:1)
  An endoplasm (D:2)
  2 goblins (D:2)
  4 jackals
  2 ball pythons (D:1)
  2 bats (D:1)
  2 frilled lizards
  A kobold (D:2)
  2 rats
18 creatures vanquished.

Table legend: (Time is in decaauts)
 A = Elapsed time spent in this place.
 B = Non-inter-level travel time spent in this place.
 C = Inter-level travel time spent in this place.
 D = Time resting spent in this place.
 E = Time spent auto-exploring this place.
 F = Levels seen in this place.
 G = Mean time per level.
                   A        B        C        D        E       F      G
               +--------+--------+--------+--------+--------+-----+--------+
         Total |   1394 |    466 |    928 |    271 |      0 |   2 |  697.0 |
       Dungeon |   1394 |    466 |    928 |    271 |      0 |   2 |  697.0 |
               +--------+--------+--------+--------+--------+-----+--------+

Top non-repeatable levels by time:
     D:1: 937 daAuts
     D:2: 457 daAuts

Table legend:
 A = Non-vault XP
 B = Vault XP
 C = Vault XP percentage of total XP
 D = Non-vault monster count
 E = Vault monster count
 F = Vault count percentage of total count
                 A         B        C        D         E       F
            +---------+---------+-------+---------+---------+-------
      Total |      28 |      37 |  56.9 |      17 |       1 |   5.6
            +---------+---------+-------+---------+---------+-------
        D:1 |      15 |       0 |   0.0 |       9 |       0 |   0.0
        D:2 |      13 |      37 |  74.0 |       8 |       1 |  11.1
            +---------+---------+-------+---------+---------+-------
